 Dungeon Crawl Stone Soup version 0.23.2-1-ga50397a6bc (webtiles) character file.

Game seed: 10948634835782625616

554 NochnoyZador the Cruncher (level 7, -3/56 HPs)
             Began as a Minotaur Gladiator on May 4, 2019.
             Slain by an ogre
             ... wielding a +0 giant club
              (19 damage)
             ... on level 5 of the Dungeon.
             The game lasted 00:12:52 (3479 turns).

NochnoyZador the Cruncher (Minotaur Gladiator)      Turns: 3479, Time: 00:12:52

Health: -3/56      AC: 13    Str: 18    XL:     7   Next: 8%
Magic:  6/6        EV:  6    Int:  5    God:
Gold:   38         SH:  0    Dex: 14    Spells: 6/6 levels left

rFire    . . .     SeeInvis +   a - +0 quarterstaff
rCold    . . .     Gourm    .   (shield currently unavailable)
rNeg     . . .     Faith    .   s - +0 plate armour
rPois    .         Spirit   .   c - +0 hat
rElec    .         Reflect  .   E - +0 cloak
rCorr    .         Harm     .   p - +0 pair of gloves
MR       .....                  C - +0 pair of boots
Stlth    ..........             (no amulet)
HPRegen  0.18/turn              k - ring of see invisible
MPRegen  0.10/turn              (no ring)

@: about to teleport
A: retaliatory headbutt, horns 2
a: no special abilities


You were on level 5 of the Dungeon.
You were not hungry.

You visited 1 branch of the dungeon, and saw 5 of its levels.

You collected 212 gold pieces.
You spent 174 gold pieces at shops.

Inventory:

Hand Weapons
 a - a +0 quarterstaff (weapon)
 m - a +0 club
Missiles
 d - 3 throwing nets (quivered)
 j - 11 javelins
 y - 6 needles of confusion
Armour
 c - a +0 hat (worn)
 p - a +0 pair of gloves (worn)
 s - a +0 plate armour (worn)
 C - a +0 pair of boots (worn)
 D - a +0 buckler
 E - a +0 cloak (worn)
Jewellery
 k - a ring of see invisible (left hand)
Wands
 g - a wand of random effects (9)
Scrolls
 b - a scroll of magic mapping {unknown}
 e - 4 scrolls of teleportation
 h - 4 scrolls of remove curse
 i - 5 scrolls of identify
 q - 2 scrolls of blinking
 u - a scroll of immolation {unknown}
 w - 2 scrolls of fog {unknown}
 x - a scroll of enchant armour {unknown}
Potions
 n - a potion of might
 o - a potion of curing {unknown}
 r - a potion of degeneration {unknown}
 t - a potion of lignification {unknown}
 v - a potion of berserk rage {unknown}
 z - a potion of flight {unknown}
 A - a potion of cancellation {unknown}
 B - 2 potions of brilliance {unknown}
Comestibles
 f - 9 rations
 l - 6 chunks of flesh


   Skills:
 - Level 2.4 Fighting
 + Level 9.7 Staves
 - Level 2.0 Throwing
 - Level 3.2 Dodging


You had 6 spell levels left.
You didn't know any spells.
Your spell library contained the following spells:

 Spells                   Type           Power        Failure   Level  Hunger
 Animate Skeleton         Necr           N/A          100%        1    ##.....
 Pain                     Necr           #...         100%        1    ##.....
 Regeneration             Chrm/Necr      #.........   100%        3    ####...
 Vampiric Draining        Necr           #.........   100%        3    ####...
 Animate Dead             Necr           N/A          100%        4    #####..


Dungeon Overview and Level Annotations

Branches:
Dungeon (5/15)
 Temple: D:4-7

Altars:
Elyvilon
Kikubaaqudgha

Shops:
D:4 [

Annotations:
D:3 2 transporters, Mrkan's ghost, amateur DrFi


Innate Abilities, Weirdness & Mutations

You reflexively headbutt those who attack you in melee.
You have a pair of horns on your head.


Message History

You headbutt the worker ant, but do no damage.
The worker ant is moderately wounded.
The worker ant bites you but does no damage.
You hit the worker ant. Your headbutt misses the worker ant.
The worker ant is heavily wounded.
The worker ant bites you but does no damage.
You hit the ogre.
The ogre is lightly wounded.
The ogre hits you with a +0 giant club!
The worker ant bites you but does no damage.
You sock the ogre!
The ogre is moderately wounded.
The worker ant bites you but does no damage.
The ogre hits you with a +0 giant club!!
As you read the scroll of teleportation, it crumbles to dust.
You feel strangely unstable. The worker ant bites you.
* * * LOW HITPOINT WARNING * * *
The worker ant bites you but does no damage.
The ogre hits you with a +0 giant club!!
You die...

#...........# ##.....##
#...........# #........
#...........# #........
#..........## ##........
#..........# #.........
#..........# #.........
#.........## #.........
#.....Oa..# ##.........
#......@.## #.>........
#........#####.........#
##...................###
##..#.........#######
###..######..# ##).#
###..# ##...## #.#..#
#.....####...#
####....##...##


You could see an ogre and a worker ant.

Vanquished Creatures
  A centaur (D:5)
  2 scorpions
  An orc priest (D:3)
  A bullfrog skeleton (D:4)
  Ijyb (D:3)
  An iguana (D:5)
  Natasha (twice) (D:4)
  2 worker ants (D:4)
  A worker ant zombie (D:5)
  4 adders
  3 oozes
  4 worms
  2 dart slugs (D:1)
  4 leopard geckos
  11 orcs
  5 giant cockroaches
  9 goblins
  8 hobgoblins
  2 jackals (D:2)
  4 kobolds
  2 quokkas (D:3)
  A ball python (D:4)
  A ball python zombie (D:2)
  6 bats
  5 frilled lizards
  A leopard gecko skeleton (D:5)
  A leopard gecko zombie (D:4)
  8 rats
93 creatures vanquished.

Notes
Turn   | Place    | Note
-------+----------+-------------------------------------------
     0 | D:1      | NochnoyZador the Minotaur Gladiator began the quest for the
                  | Orb.
     0 | D:1      | Reached XP level 1. HP: 18/18 MP: 0/0
    59 | D:1      | Reached skill level 4 in Staves
   112 | D:1      | Reached XP level 2. HP: 24/25 MP: 1/1
   445 | D:1      | Reached skill level 5 in Staves
   684 | D:2      | Reached XP level 3. HP: 30/30 MP: 2/2
  1218 | D:2      | Reached skill level 6 in Staves
  1218 | D:2      | Reached XP level 4. HP: 37/37 MP: 3/3
  1854 | D:3      | Reached XP level 5. HP: 27/42 MP: 4/4
  1886 | D:3      | Noticed Mrkan's ghost (amateur DrFi)
  1887 | D:3      | Found a transporter.
  1888 | D:3      | Found a transporter.
  1993 | D:3      | Reached skill level 7 in Staves
  2394 | D:3      | Noticed Ijyb
  2404 | D:3      | Killed Ijyb
  2539 | D:4      | Noticed Natasha
  2544 | D:4      | Killed Natasha
  2558 | D:4      | Found a white marble altar of Elyvilon.
  2593 | D:4      | Reached skill level 8 in Staves
  2710 | D:4      | Found an ancient bone altar of Kikubaaqudgha.
  2757 | D:4      | Reached XP level 6. HP: 42/50 MP: 5/5
  3043 | D:4      | Found Uduwum's Armour Shoppe.
  3046 | D:4      | Bought a +0 pair of boots for 58 gold pieces
  3046 | D:4      | Bought a +0 buckler for 58 gold pieces
  3046 | D:4      | Bought a +0 cloak for 58 gold pieces
  3196 | D:4      | Noticed Natasha
  3206 | D:4      | Killed Natasha
  3213 | D:5      | Entered Level 5 of the Dungeon
  3223 | D:5      | Reached skill level 9 in Staves
  3299 | D:5      | Reached XP level 7. HP: 41/56 MP: 6/6
  3479 | D:5      | Slain by an ogre

Skill      XL: |  1  2  3  4  5  6 |
---------------+-------------------+-----
Staves         | 4 5 6 8 9 |  9.7
Fighting       | |  2.4
Throwing       | |  2.0
Dodging        | |  3.2

Action                   |  1- 3 |  4- 6 |  7- 9 || total
-------------------------+-------+-------+-------++-------
Melee: Quarterstaff      |    74 |   145 |    13 ||   232
       Headbutt          |     8 |    32 |     2 ||    42
  Use: Scroll            |       |     4 |     1 ||     5
  Eat: Chunk             |     1 |     7 |       ||     8
Armor: Leather armour    |    26 |    10 |       ||    36
       Plate armour      |       |    33 |     8 ||    41
Dodge: Dodged            |    51 |    51 |     2 ||   104
